 Dungeon Crawl Stone Soup version 0.22.1-6-g1668fe2c40 (webtiles) character file.

191 Riddle the Chopper (level 5, -1/41 HPs)
             Began as a Mummy Gladiator on Jan 18, 2019.
             Killed by divine providence
             ... invoked by an orc priest
              (15 damage)
             ... on level 3 of the Dungeon.
             The game lasted 00:03:16 (3579 turns).

Riddle the Chopper (Mummy Gladiator)                Turns: 3579, Time: 00:03:17

Health: -1/41      AC:  6    Str: 18    XL:     5   Next: 41%
Magic:  5/5        EV: 14    Int:  8    God:
Gold:   116        SH:  0    Dex: 13    Spells: 4/4 levels left

rFire    x . .     SeeInvis .   a - +0 war axe
rCold    + . .     Gourm    .   (no shield)
rNeg     + + +     Faith    .   k - +0 ring mail
rPois    ∞         Spirit   .   c - +0 helmet
rElec    .         Reflect  .   (no cloak)
rCorr    .         Harm     .   (no gloves)
MR       .....                  (no boots)
Stlth    +.........             (no amulet)
HPRegen  0.13/turn              e - +3 ring of evasion
MPRegen  0.09/turn              (no ring)

@: no status effects
A: no food or potions, fire vulnerability, cold resistance 1, negative energy
resistance 3, torment resistance, unbreathing
a: no special abilities


You were on level 3 of the Dungeon.
You were not hungry.

You visited 1 branch of the dungeon, and saw 3 of its levels.

You collected 116 gold pieces.

Inventory:

Hand Weapons
 a - a +0 war axe (weapon)
Missiles
 d - 3 throwing nets (quivered)
Armour
 c - a +0 helmet (worn)
 k - a +0 ring mail (worn)
Jewellery
 e - a +3 ring of evasion (left hand)
Scrolls
 b - a scroll of immolation {unknown}
 f - a scroll of teleportation {unknown}
 g - 3 scrolls of identify {unknown}
 h - a scroll of noise {unknown}
 i - a scroll of enchant armour {unknown}
 j - a scroll of magic mapping {unknown}


   Skills:
 + Level 3.5 Fighting
 * Level 4.4 Axes
 - Level 1.5 Throwing
 - Level 2.4 Dodging


You had 4 spell levels left.
You didn't know any spells.
Your spell library was empty.

Dungeon Overview and Level Annotations

Branches:
Dungeon (3/15)

Altars:
Ashenzari
Fedhas
Kikubaaqudgha
Vehumet
Wu Jian


Innate Abilities, Weirdness & Mutations

You do not eat or drink.
Your flesh is vulnerable to fire.
You are immune to poison.
Your flesh is cold resistant. (rC+)
You are immune to negative energy. (rN+++)
You are immune to unholy pain and torment.
You can survive without breathing.


Message History

The orc priest is moderately wounded.
You slash the orc! You miss something. The orc closely misses you.
The orc priest hits you with a mace.
You hear some strange, mumbled words.
A puff of flame appears from out of thin air!
The puff of flame hits you! The fire burns you terribly!
The orc barely misses you.
You hit the orc priest.
The orc priest is heavily wounded.
You hit something.
Reactivating autopickup.
You feel a bit more experienced.
You slash the orc!
You kill the orc!
The bat hits you but does no damage. The orc priest hits you with a mace.
You hit the orc priest.
The orc priest is almost dead.
You closely miss the orc. x2; The orc misses you.
The orc barely misses you.
The orc priest invokes the aid of Beogh against you.
Beogh smites you!
You die...

#...#.# .....#...#.#...#
##### #
......#...##.#.####...####
..........#...#.#.'.......
..........#.#...###.......
..........#..#†.# #.......
........###..### ####..##
####....o####.#########.##
...'...bo@...)...........>
###....o##############...
#.....# ##.. #....)...#
#.. ####.....# ##. #.....#
#. #.....# #. #.....# #.
#.....# #.


You could see an orc priest, 2 orcs and a bat.

Vanquished Creatures
  Terence (D:1)
  2 orc wizards (D:3)
  4 adders
  An ooze (D:3)
  A dart slug (D:1)
  4 leopard geckos
  8 orcs (D:3)
  2 ball pythons (D:3)
  8 bats
  4 giant cockroaches
  7 goblins
  5 hobgoblins
  4 kobolds
  3 quokkas
  6 frilled lizards
  7 rats
67 creatures vanquished.

Notes
Turn   | Place    | Note
-------+----------+-------------------------------------------
     0 | D:1      | Riddle the Mummy Gladiator began the quest for the Orb.
     0 | D:1      | Reached XP level 1. HP: 16/16 MP: 1/1
   176 | D:1      | Reached XP level 2. HP: 19/22 MP: 2/2
   372 | D:1      | Reached skill level 3 in Axes
   943 | D:2      | Found an ornate altar of the Wu Jian Council.
   958 | D:2      | Reached XP level 3. HP: 24/28 MP: 3/3
  1004 | D:2      | Noticed Terence
  1196 | D:1      | Killed Terence
  1295 | D:2      | Reached XP level 4. HP: 34/34 MP: 4/4
  1550 | D:2      | Found a radiant altar of Vehumet.
  1609 | D:2      | Found an ancient bone altar of Kikubaaqudgha.
  1611 | D:2      | Found a blossoming altar of Fedhas.
  2139 | D:3      | Reached skill level 4 in Axes
  2249 | D:3      | Reached XP level 5. HP: 35/41 MP: 5/5
  3532 | D:3      | Found a shattered altar of Ashenzari.
  3579 | D:3      | Killed from afar by an orc priest

Skill      XL: |  1  2  3  4 |
---------------+-------------+-----
Axes           | 3 4 |  4.4
Fighting       | 3 |  3.5
Throwing       | |  1.5
Dodging        | |  2.4

Action                   |  1- 3 |  4- 6 || total
-------------------------+-------+-------++-------
Melee: War axe           |    90 |   105 ||   195
 Stab: Sleeping          |     1 |       ||     1
Armor: Leather armour    |    23 |       ||    23
       Scale mail        |    13 |    18 ||    31
       Ring mail         |       |    39 ||    39
Dodge: Dodged            |   112 |   114 ||   226
